 Dungeon Crawl Stone Soup version 0.31.0-9-g3a7656b989 (webtiles) character file.

Game seed: 4293701118229586932

2905 Colgate the Protected (level 9, -1/81 HPs)
             Began as a Minotaur Fighter on Jan 24, 2024.
             Was an Elder of Makhleb.
             Slain by a wolf (8 damage)
             ... on level 8 of the Dungeon.
             The game lasted 00:06:17 (5427 turns).

Colgate the Protected (Minotaur Fighter)            Turns: 5427, Time: 00:06:17

Health: -1/81      AC: 15    Str: 26    XL:     9   Next: 49%
Magic:  11/11      EV:  7    Int:  5    God:    Makhleb [****..]
Gold:   191        SH:  5    Dex:  9    Spells: 8/8 levels left

rFire   . . .        p - +1 war axe (freeze)
rCold   . . .        c - +0 buckler
rNeg    . . .        x - +0 plate armour
rPois   +            (helmet restricted)
rElec   .            y - +0 cloak
rCorr   .            (no gloves)
SInv    .            (no boots)
Will    .....        h - amulet of regeneration Stlth
                     m - ring of poison resistance
HPRegen 1.13/turn    (no ring)
MPRegen 0.12/turn

%: no passive effects
@: no status effects
A: horns 2, retaliatory headbutt
a: Renounce Religion, Minor Destruction, Lesser Servant of Makhleb, Major
Destruction


You were on level 8 of the Dungeon.
You worshipped Makhleb.
Makhleb was greatly pleased with you.
You visited 1 branch of the dungeon, and saw 8 of its levels.
You also visited: Sewer.

You collected 360 gold pieces.
You spent 169 gold pieces at shops.

Inventory:

Hand Weapons
 p - a +1 war axe of freezing (weapon)
Missiles
 n - a throwing net (quivered) {!f}
 C - 5 curare-tipped darts
Armour
 c - a +0 buckler (worn)
 x - a +0 plate armour (worn)
 y - a +0 cloak (worn)
Jewellery
 h - an amulet of regeneration (around neck)
 i - a ring of ice
 m - a ring of poison resistance (left hand)
Wands
 b - a wand of flame (14)
Scrolls
 a - 2 scrolls of immolation {unknown}
 e - 6 scrolls of identify {unknown}
 f - 3 scrolls of vulnerability {unknown}
 g - 4 scrolls of teleportation {unknown}
 j - 2 scrolls of enchant weapon {unknown}
 l - 3 scrolls of noise {unknown}
 o - 2 scrolls of poison {unknown}
 t - a scroll of fog {unknown}
 A - 2 scrolls of enchant armour {unknown}
 B - a scroll of blinking {unknown}
 D - a scroll of brand weapon {unknown}
 F - a scroll of fear {unknown}
Potions
 d - a potion of might {@q3}
 k - 6 potions of curing {unknown}
 q - 2 potions of enlightenment {unknown}
 r - a potion of ambrosia {unknown}
 s - 2 potions of brilliance {unknown}
 u - 2 potions of berserk rage {unknown}
 v - a potion of mutation {unknown}
 w - 2 potions of invisibility {unknown}
 z - a potion of heal wounds {unknown}
 E - a potion of degeneration {unknown}


   Skills:
 * Level 8.3 Fighting
 * Level 7.7 Axes
 * Level 8.3 Armour
 * Level 8.3 Shields
 + Level 4.2 Invocations


You had 8 spell levels left.
You didn't know any spells.
Your spell library contained the following spells:

 Spells                   Type           Power      Damage    Failure   Level
 Foxfire                  Conj/Fire      0%         2x1d4     100%        1
 Shock                    Conj/Air       0%         1d3       100%        1
 Dazzling Flash           Conj/Hex       0%         N/A       100%        3
 Swiftness                Air            0%         N/A       100%        3
 Volatile Blastmotes      Fire/Tloc      0%         2d10      100%        3
 Airstrike                Air            0%         2d(0-16)  100%        4
 Summon Forest            Summ/Tloc      0%         N/A       100%        5
 Summon Mana Viper        Hex/Summ       0%         N/A       100%        5
 Plasma Beam              Fire/Air       0%         2x1d10    100%        6
 Starburst                Conj/Fire      0%         6d3       100%        6
 Summon Cactus Giant      Summ           0%         N/A       100%        6
 Maxwell's Capacitive Co  Air            0%         ∞         100%        8


Dungeon Overview and Level Annotations

Branches:
Dungeon (8/15)             Temple (0/1) D:6            Lair (0/5) D:8
  Sewer (visited)

Altars:
Cheibriados
Hepliaklqana
Makhleb
Sif Muna
Trog
Vehumet

Shops:
D:4 (


Innate Abilities, Weirdness & Mutations

You have a pair of horns on your head.
You reflexively headbutt those who attack you in melee.


Message History

You are too injured to fight recklessly!
There are monsters nearby!
You are too injured to fight recklessly!
There are monsters nearby!
You are too injured to fight recklessly!
There are monsters nearby!
Unknown command.
Unknown command.
Unknown command.
The wolf attacks as it pursues you! The wolf bites you.
You block the hound's attack. The hound bites you but does no damage.
The wolf bites you.
The electric eel shoots out a bolt of lightning at you!
The bolt of electricity hits you.
* * * LOW HITPOINT WARNING * * *
You block the wolf's attack.
Unknown command.
Unknown command.
Unknown command.
The wolf attacks as it pursues you! The wolf bites you but does no damage.
You block the wolf's attack. The hound attacks as it pursues you!
The hound bites you. The wolf bites you.
* * * LOW HITPOINT WARNING * * *
The hound barely misses you. The wolf attacks as it pursues you!
The wolf bites you but does no damage. You block the wolf's attack. x2
The hound attacks as it pursues you! The hound bites you.
* * * LOW HITPOINT WARNING * * *
The wolf bites you!
* * * LOW HITPOINT WARNING * * *
You block the hound's attack. The wolf attacks as it pursues you!
The wolf bites you!
* * * LOW HITPOINT WARNING * * *
The hound bites you but does no damage. The hound attacks as it pursues you!
You block the hound's attack. The wolf attacks as it pursues you!
The wolf barely misses you. The hound bites you but does no damage.
The wolf bites you.
* * * LOW HITPOINT WARNING * * *
The wolf bites you!
You die...

## ####### ######### .#
###.....# #........ .#
........# #.##########.#
#.....# #............#
#.....####..#.........#
#...hhhh@..........#|.###
##..h.####..#......#..... #
#...h# #....#.#..#..#.# #.
#....# #..#.#.#..#.....
#..#####....####..#......#.....
#.................#>#.#.##..<..
#...~....................#.....
#....~...S.S.~..~.#.. .......)
#....~~S~.~~...... #########


You could see 2 wolves and 3 hounds.

Vanquished Creatures
  Sigmund (D:6)
  A water moccasin (D:8)
  An ice beast (D:7)
  2 sky beasts
  3 ogres
  A phantom (D:5)
  2 centaurs (D:7)
  A bullfrog (D:6)
  4 kobold brigands
  A brain worm (Sewer)
  2 scorpions
  6 wights (D:7)
  An electric eel (D:8)
  6 bombardier beetles
  4 hounds
  A jelly (D:6)
  An orc priest (D:7)
  A sleepcap (D:6)
  3 iguanas
  3 orc wizards
  9 gnolls
  4 river rats
  10 adders
  A shadow imp (D:7)
  A white imp (D:7)
  2 dart slugs
  3 ribbon worms
  19 orcs
  6 ball pythons
  7 bats
  12 endoplasms
  A giant cockroach (D:3)
  6 goblins
  6 hobgoblins
  6 jackals (D:2)
  A quokka (D:4)
  2 frilled lizards
  26 kobolds
  4 rats
171 creatures vanquished.

Vanquished Creatures (collateral kills)
  2 wights (D:7)
  An orc (D:7)
3 creatures vanquished.

Grand Total: 174 creatures vanquished

Notes
Turn   | Place    | Note
-------+----------+-------------------------------------------
     0 | D:1      | Colgate the Minotaur Fighter began the quest for the Orb.
     0 | D:1      | Reached XP level 1. HP: 19/19 MP: 0/0
   600 | D:1      | Reached XP level 2. HP: 27/27 MP: 1/1
   619 | D:1      | Found a faded altar of an unknown god.
   622 | D:1      | Prayed at the altar of an unknown god.
   622 | D:1      | Became a worshipper of Makhleb the Destroyer
   622 | D:1      | Reached * piety under Makhleb
   869 | D:2      | Reached XP level 3. HP: 27/33 MP: 2/2
  1260 | D:2      | Reached ** piety under Makhleb
  1521 | D:3      | Reached XP level 4. HP: 40/41 MP: 3/3
  1701 | D:3      | Noticed an ogre
  1839 | D:3      | Killed an ogre
  1840 | D:3      | Reached skill level 1 in Invocations
  1840 | D:3      | Reached XP level 5. HP: 35/47 MP: 4/4
  1876 | D:3      | Noticed an ogre
  1957 | D:2      | Killed an ogre
  1958 | D:2      | Reached skill level 5 in Fighting
  2305 | D:4      | Found Deiheot's Antique Weapon Shop.
  2314 | D:4      | Bought a runed war axe for 169 gold pieces
  2371 | D:4      | Reached skill level 5 in Armour
  2371 | D:4      | Reached skill level 5 in Shields
  2371 | D:4      | Reached XP level 6. HP: 56/56 MP: 6/6
  3009 | D:5      | Entered Level 5 of the Dungeon
  3016 | D:5      | Reached XP level 7. HP: 61/61 MP: 7/7
  3078 | D:5      | Found a radiant altar of Vehumet.
  3154 | D:5      | Reached *** piety under Makhleb
  3229 | D:5      | Reached skill level 5 in Axes
  3255 | D:5      | Found a glowing drain.
  3273 | Sewer    | Entered a sewer
  3792 | Sewer    | Reached XP level 8. HP: 71/71 MP: 9/9
  3980 | D:5      | Found a hazy altar of Hepliaklqana.
  4066 | D:5      | Found a bloodstained altar of Trog.
  4070 | D:5      | Found a shimmering blue altar of Sif Muna.
  4137 | D:6      | Noticed Sigmund
  4160 | D:6      | Killed Sigmund
  4202 | D:6      | Reached **** piety under Makhleb
  4513 | D:6      | Found a staircase to the Ecumenical Temple.
  4945 | D:7      | Reached XP level 9. HP: 79/79 MP: 10/10
  5332 | D:7      | Found a snail-covered altar of Cheibriados.
  5414 | D:8      | Found a staircase to the Lair.
  5427 | D:8      | Slain by a wolf

Illustrated notes

Levels and vault maps discovered:
D:1:      psy_arrival_basics, layout_loops_ring,
          shapermc_ecumenical_altar_mp_vishouse, minmay_crystal_water,
          minmay_statues_item
D:2:      layout_basic, serial_bayou_ford_a
D:3:      layout_basic
D:4:      minmay_razor_zed, layout_loops_cross, serial_shops,
          nicolae_shop_crystal
D:5:      layout_cave_pools, hellmonk_overflow_destroyed_library,
          vehumet_altar_wand_db, nzn_hepliaklqana_mist_gate,
          cheibrodos_sewer_entry_sluice
D:6:      layout_cave_pods, minmay_temple_entry_steel_oval,
          minmay_misc_feat_four_crosses, uniq_sigmund
D:7:      layout_rooms, slow_altar_2
D:8:      layout_basic, erik_lair_island, minmay_fractal_squares_5, uniq_maurice

Skill      XL: |  1  2  3  4  5  6  7  8  9 |
---------------+----------------------------+-----
Fighting       | 4 5 6 7 8 |  8.3
Axes           | 3 4 5 6 7 |  7.7
Armour         | 4 5 6 7 8 |  8.3
Shields        | 4 5 6 7 8 |  8.3
Invocations    | 1 2 3 4 |  4.2

Action                     |  1- 3 |  4- 6 |  7- 9 || total
---------------------------+-------+-------+-------++-------
  Melee: War axe           |    69 |    78 |   260 ||   407
         Headbutt          |    10 |    15 |    46 ||    71
 Invoke: Lesser Servant of |       |       |     1 ||     1
 Armour: Scale mail        |    53 |    56 |       ||   109
         Plate armour      |       |     4 |   236 ||   240
  Dodge: Dodged            |    41 |    23 |    63 ||   127
  Block: Buckler           |    14 |    15 |    67 ||    96
